 Dungeon Crawl Stone Soup version 0.21.1-1-g345015f (webtiles) character file.

67 shakethe the Chopper (level 4, 0/34 HPs)
             Began as a Formicid Warper on Feb 7, 2018.
             Slain by a goblin
             ... wielding a +0 club
              (3 damage)
             ... on level 2 of the Dungeon.
             The game lasted 00:04:25 (1896 turns).

shakethe the Chopper (Formicid Warper)              Turns: 1896, Time: 00:04:26

Health: 0/34       AC:  5    Str: 15    XL:     4   Next: 40%
Magic:  7/7        EV: 11    Int: 13    God:
Gold:   106        SH:  4    Dex: 11    Spells: 7/7 levels left

rFire    . . .     SeeInvis +   w - +0 mace (protect)
rCold    . . .     Gourm    .   (no shield)
rNeg     . . .     Faith    .   o - +0 ring mail
rPois    .         Spirit   .   (helmet unavailable)
rElec    .         Reflect  +   (no cloak)
rCorr    .         Harm     .   (no gloves)
MR       .....                  (no boots)
Stlth    +.........             u - +4 amulet of reflection
HPRegen  0.11/turn              (no ring)
MPRegen  0.10/turn              (no ring)

@: no status effects
A: permanent stasis, dig shafts and tunnels, four strong arms, antennae 3
a: Dig, Shaft Self


You were on level 2 of the Dungeon.
You were hungry.

You visited 1 branch of the dungeon, and saw 3 of its levels.

You collected 106 gold pieces.

Inventory:

Hand Weapons
 a - a +0 hand axe
 w - a +0 mace of protection (weapon)
Missiles
 e - a tomahawk of dispersal (quivered)
Armour
 b - a +0 leather armour
 o - a +0 ring mail (worn)
Jewellery
 u - a +4 amulet of reflection (around neck)
Scrolls
 d - 2 scrolls of blinking
 i - 5 scrolls of teleportation {unknown}
 k - 2 scrolls of identify {unknown}
 m - a scroll of enchant armour {unknown}
 n - 2 scrolls of remove curse {unknown}
 p - a scroll of immolation {unknown}
 v - a scroll of magic mapping {unknown}
 y - a scroll of fear {unknown}
Potions
 g - 3 potions of agility {unknown}
 h - 2 potions of lignification {unknown}
 j - a potion of might {unknown}
 l - 4 potions of heal wounds {unknown}
 q - 2 potions of curing {unknown}
 r - a potion of cancellation {unknown}
 s - a potion of brilliance {unknown}
 t - a potion of degeneration {unknown}
Books
 c - a book of Spatial Translocations

   Spells                             Type                      Level
   a - Blink                          Translocation                2
   b - Shroud of Golubria             Charms/Translocation         2
   c - Lesser Beckoning               Translocation                3
   d - Gell's Gravitas                Translocation                3
   e - Teleport Other                 Translocation                3
   f - Passage of Golubria            Translocation                4
Comestibles
 f - 8 rations


   Skills:
 + Level 2.8 Fighting
 * Level 3.1 Axes
 - Level 1.0 Throwing
 + Level 2.1 Armour
 + Level 2.3 Dodging
 - Level 2.1 Spellcasting
   Level 2.6 Translocations


You had 7 spell levels left.
You didn't know any spells.

Dungeon Overview and Level Annotations

Branches:
Dungeon (3/15)

Altars:
Wu Jian


Innate Abilities, Weirdness & Mutations

You cannot be hasted, slowed, berserked, paralysed or teleported.
You can dig through walls and to a lower floor.
Your four strong arms can wield two-handed weapons with a shield.
You have a pair of large antennae on your head. (SInv)


Message History

You are too injured to fight recklessly!
You are too injured to fight recklessly!
You are too injured to fight recklessly!
You are too injured to fight recklessly!
You are too injured to fight recklessly!
You are too injured to fight recklessly!
You are too injured to fight recklessly!
The goblin closely misses you.
There is an escape hatch in the ceiling here.
The goblin hits you but does no damage.
All of the chunks of flesh in your inventory have rotted away.
The goblin hits you with a club. The goblin barely misses you.
The worm misses you. The goblin misses you. The worm bites you!
* * * LOW HITPOINT WARNING * * *
There is an escape hatch in the ceiling, spattered with blood here.
The goblin closely misses you. A mysterious force pulls you upwards.
The hatch slams shut behind you. The goblin hits you with a club.
You die...

#.##.....##..#
#.#.......#..#
#.#.......#..#
#....._.....##
##.#.......#.# #
##..#.......#.#
#####...##.....##w#
.##.....####.####.#
..#.............@g#
#....########.#...#
..#...# #....##
......########..##
.##............##
######†.########
........# .#####..#
######.##


You could see a worm and a goblin.

Vanquished Creatures
  An adder (D:2)
  A worm (D:2)
  A dart slug (D:2)
  The ghost of letownia4 the Magician, a weakling DsWz (D:3)
  A leopard gecko (D:2)
  4 orcs (D:3)
  6 bats
  7 giant cockroaches
  2 goblins
  4 hobgoblins
  A quokka (D:2)
  2 frilled lizards
  7 kobolds
  8 rats
46 creatures vanquished.

Notes
Turn   | Place    | Note
-------+----------+-------------------------------------------
     0 | D:1      | shakethe the Formicid Warper began the quest for the Orb.
     0 | D:1      | Reached XP level 1. HP: 16/16 MP: 3/3
   392 | D:1      | Reached XP level 2. HP: 16/23 MP: 5/5
   854 | D:2      | Reached XP level 3. HP: 17/28 MP: 6/6
  1258 | D:2      | Found an ornate altar of the Wu Jian Council.
  1680 | D:2      | Reached XP level 4. HP: 34/34 MP: 7/7
  1730 | D:3      | Reached skill level 3 in Axes
  1794 | D:3      | Noticed letownia4's ghost (weakling DsWz)
  1807 | D:3      | Killed letownia4's ghost
  1896 | D:2      | Slain by a goblin

Skill      XL: |  1  2  3  4 |
---------------+-------------+-----
Dodging        | 2 |  2.3
Armour         | 2 |  2.1
Axes           | 3 |  3.1
Fighting       | |  2.8
Throwing       | |  1.0
Spellcasting   | |  2.1
Translocations | |  2.6

Action                   |  1- 3 |  4- 6 || total
-------------------------+-------+-------++-------
Melee: Hand axe          |   130 |       ||   130
       Mace              |     7 |    70 ||    77
Throw: Tomahawk          |     4 |       ||     4
  Eat: Chunk             |     2 |     1 ||     3
Armor: Leather armour    |    12 |       ||    12
       Ring mail         |    54 |    35 ||    89
Dodge: Dodged            |    94 |    47 ||   141
Block: Other             |       |    11 ||    11
